 Dungeon Crawl Stone Soup version 0.22.0 (webtiles) character file.

102 Bargorn the Ogre Mage (level 4, 0/61 HPs)
             Began as an Ogre Wizard on Aug 11, 2018.
             Killed from afar by Ijyb (5 damage)
             ... with a wand of flame (18)
             ... on level 3 of the Dungeon.
             The game lasted 00:21:52 (3420 turns).

Bargorn the Ogre Mage (Ogre Wizard)                 Turns: 3420, Time: 00:21:53

Health: 0/61       AC: 22    Str: 16    XL:     4   Next: 78%
Magic:  2/10       EV:  1    Int: 20    God:
Gold:   140        SH:  0    Dex:  7    Spells: 0/12 levels left

rFire    + . .     SeeInvis .   g - +0 whip
rCold    . . .     Gourm    .   (no shield)
rNeg     + + +     Faith    .   (armour currently unavailable)
rPois    +         Spirit   .   (helmet currently unavailable)
rElec    .         Reflect  .   (cloak currently unavailable)
rCorr    .         Harm     .   (gloves unavailable)
MR       .....     NoTele   +   (boots unavailable)
Stlth    +.........             (no amulet)
HPRegen  0.20/turn              i - ring of protection from fire
MPRegen  0.12/turn              (no ring)

@: mighty, tree-form
A: large, unfitting armour
a: no special abilities


You were on level 3 of the Dungeon.
You were not hungry.
You were a tree.
You visited 1 branch of the dungeon, and saw 3 of its levels.

You collected 140 gold pieces.

Inventory:

Hand Weapons
 g - a +0 whip (weapon)
Armour
 a - a +0 robe (melded)
 b - a +0 hat (melded)
Jewellery
 i - a ring of protection from fire (left branch)
 m - an uncursed ring of wizardry {unknown}
Scrolls
 c - a scroll of teleportation {unknown}
 e - a scroll of amnesia {unknown}
 f - 4 scrolls of identify {unknown}
 j - a scroll of random uselessness {unknown}
Comestibles
 d - 2 rations
 l - 3 chunks of flesh


   Skills:
 - Level 1.5 Fighting
 - Level 2.1 Dodging
 - Level 1.4 Stealth
 - Level 4.8 Spellcasting
 * Level 2.2 Conjurations
 - Level 0.8 Summonings
 - Level 0.8 Translocations
 * Level 0.1 Air Magic
 * Level 0.2 Poison Magic


You couldn't memorise any spells.
You knew the following spells:

 Your Spells              Type           Power        Failure   Level  Hunger
a - Magic Dart            Conj           ##..         4%          1    None
b - Blink                 Tloc           N/A          13%         2    #......
c - Call Imp              Summ           #.......     13%         2    #......
d - Conjure Flame         Conj/Fire      #.......     22%         3    ##.....
e - Pain                  Necr           #...         12%         1    None
f - Mephitic Cloud        Conj/Pois/Air  #.......     24%         3    ##.....

Your spell library contained the following spells:

 Spells                   Type           Power        Failure   Level  Hunger
 Slow                     Hex            #.......     19%         2    #......
 Bolt of Draining         Conj/Necr      #.........   91%         5    ######.
 Animate Dead             Necr           N/A          75%         4    ####...
 Animate Skeleton         Necr           N/A          12%         1    None
 Vampiric Draining        Necr           #.........   34%         3    ##.....
 Dispel Undead            Necr           #.......     97%         5    ######.
 Regeneration             Chrm/Necr      #.........   34%         3    ##.....
 Sublimation of Blood     Necr           #.........   19%         2    #......
 Corpse Rot               Necr           N/A          19%         2    #......
 Agony                    Necr           #.......     97%         5    ######.
 Excruciating Wounds      Chrm/Necr      #.........   97%         5    ######.


Dungeon Overview and Level Annotations

Branches:
Dungeon (3/15)

Altars:

Annotations:
D:3 Ijyb


Innate Abilities, Weirdness & Mutations

You are too large for most types of armour.
((You have tough skin. (AC +1)))


Message History

Ijyb hits you but does no damage.
You hit Ijyb.
Ijyb is heavily wounded.
The jackal bites you but does no damage. x2
Ijyb hits you but does no damage.
You closely miss Ijyb.
Ijyb is heavily wounded.
The jackal bites you but does no damage.
Ijyb zaps a wand.
Helpless, you fail to dodge the puff of flame.
You barely miss Ijyb.
Ijyb is heavily wounded.
The jackal bites you but does no damage.
Ijyb hits you but does no damage.
The jackal bites you but does no damage.
You barely miss Ijyb.
Ijyb is heavily wounded.
The jackal bites you but does no damage.
Ijyb zaps a wand.
The puff of flame hits you! You resist.
You die...

#################
##≈≈..#...#......#
#≈≈≈.g'.5.'......#
##≈≈≈♣h#...#......#
#≈≈#########..##''#
##≈≈#..........# (.#
#...'..........# h.#
#.(.'..........# ..#
#..)'....).....# .g#
###########.≈≈#..........#
g.#
..........((≈≈#########..#
.g#
......#######≈≈≈).#...#..#


You could see Ijyb, a jackal and a friendly crimson imp.

Vanquished Creatures
  2 oozes (D:1)
  3 leopard geckos
  4 bats
  A giant cockroach (D:2)
  14 goblins
  4 hobgoblins
  10 jackals
  A ball python (D:2)
  5 frilled lizards
  2 kobolds (D:1)
  6 rats
52 creatures vanquished.

Vanquished Creatures (collateral kills)
  A scorpion (D:3)
  An adder (D:3)
  A goblin (D:3)
3 creatures vanquished.

Grand Total: 55 creatures vanquished

Notes
Turn   | Place    | Note
-------+----------+-------------------------------------------
     0 | D:1      | Bargorn the Ogre Wizard began the quest for the Orb.
     0 | D:1      | Reached XP level 1. HP: 16/16 MP: 5/5
   415 | D:1      | Reached skill level 4 in Spellcasting
   486 | D:1      | Reached skill level 1 in Conjurations
   486 | D:1      | Reached XP level 2. HP: 24/24 MP: 5/7
  1143 | D:1      | Reached XP level 3. HP: 17/32 MP: 3/8
  1412 | D:1      | Learned a level 2 spell: Blink
  1415 | D:1      | Learned a level 2 spell: Call Imp
  1419 | D:1      | Learned a level 3 spell: Conjure Flame
  1849 | D:2      | Reached skill level 1 in Fighting
  2358 | D:3      | Noticed a scorpion
  2416 | D:3      | Killed a scorpion
  2416 | D:3      | Reached XP level 4. HP: 29/41 MP: 1/10
  2946 | D:3      | Learned a level 1 spell: Pain
  2950 | D:3      | Learned a level 3 spell: Mephitic Cloud
  3383 | D:3      | Noticed Ijyb
  3411 | D:3      | HP: 2/41 [Ijyb/wand of flame (21) (6)]
  3420 | D:3      | Killed from afar by Ijyb

Skill      XL: |  1  2  3  4 |
---------------+-------------+-----
Spellcasting   | 4 |  4.8
Conjurations   | 1 2 |  2.2
Fighting       | 1 |  1.5
Dodging        | 2 |  2.1
Stealth        | |  1.4
Summonings     | |  0.8
Translocations | |  0.8
Air Magic      | |  0.1
Poison Magic   | |  0.2

Action                   |  1- 3 |  4- 6 || total
-------------------------+-------+-------++-------
Melee: Whip              |    47 |    18 ||    65
 Cast: Magic Dart        |    62 |    56 ||   118
       Blink             |     2 |       ||     2
       Call Imp          |     1 |     3 ||     4
       Conjure Flame     |     1 |       ||     1
  Use: Potion            |       |     2 ||     2
  Eat: Ration            |     1 |     1 ||     2
       Chunk             |       |     1 ||     1
Armor: Robe              |    23 |     8 ||    31
       Skin              |       |    16 ||    16
Dodge: Dodged            |    32 |    28 ||    60
